 Dungeon Crawl Stone Soup version 0.29-a0-22-gbf593b16ee (webtiles) character file.

Game seed: 1366436788794845375

15719 Zonian the Nimble (level 12, -1/70 HPs)
             Began as a Djinni Ice Elementalist on Jan 29, 2022.
             Was an Initiate of Gozag.
             Slain by a komodo dragon (23 damage)
             ... on level 2 of the Lair of Beasts.
             The game lasted 01:18:57 (22484 turns).

Zonian the Nimble (Djinni Ice Elementalist)        Turns: 22484, Time: 01:19:03

Health: -1/70      AC: 12    Str:  7    XL:     12   Next: 61%
Gold:   1792       EV: 19    Int: 21    God:    Gozag SH:  5 Dex: 17

rFire   + + .      SeeInvis .   J - staff of fire
rCold   + . .      Faith    .   n - +0 buckler
rNeg    . . .      Spirit   .   m - +3 steam dragon scales
rPois   ∞          Reflect  .   x - +1 hat
rElec   .          Harm     .   u - +0 cloak
rCorr   .          Rampage  .   l - +1 pair of gloves "Jocvonun" {rC+ Dex+2 Slay+3}
Will    +....                   (boots unavailable)
Stlth   ++++......              o - amulet of regeneration
HPRegen 1.01/turn               h - ring of wizardry
MPRegen 0.00/turn               k - ring of ice

@: gold aura, flying, studying Dodging
A: sickness immunity, fire resistance 2, cold vulnerability 1, float, innate
caster, HP casting, extra vitality 1
a: Renounce Religion, Potion Petition, Call Merchant, Bribe Branch


You were on level 2 of the Lair of Beasts.
You worshipped Gozag.
Gozag was most pleased with you.
You visited 3 branches of the dungeon, and saw 12 of its levels.

You collected 2455 gold pieces.
You spent 249 gold pieces at shops.
You paid 414 gold pieces to Gozag.

Inventory:

Hand Weapons
 f - a +2 dagger of venom
 i - a +0 falchion of holy wrath
 s - a +2 short sword of draining
 t - a +0 hunting sling of electrocution
 y - a +1 hunting sling of freezing
 C - a +0 war axe of venom
 I - a +2 rapier of flaming
Missiles
 j - 32 poisoned darts
 z - 46 sling bullets
 B - 6 javelins
 D - 8 boomerangs
 G - a throwing net
Armour
 l - the +1 pair of gloves "Jocvonun" (worn) {rC+ Dex+2 Slay+3}
   (You found it on level 8 of the Dungeon)

   Dex:       It affects your dexterity (+2).
   Slay:      It affects your accuracy & damage with ranged weapons and melee
   (+3).
   rC:        It protects you from cold.
 m - +3 steam dragon scales (worn)
 n - a +0 buckler (worn)
 u - a +0 cloak (worn)
 x - a +1 hat (worn)
Magical Staves
 J - a staff of fire (weapon)
Jewellery
 d - the ring "Odunak" {Fly rC+}
   (You found it on level 4 of the Dungeon)

   [ring of flight]

   rC:        It protects you from cold.
   Fly:       It grants you flight.
 h - a ring of wizardry (left hand)
 k - a ring of ice (right hand)
 o - an amulet of regeneration (around neck)
 p - a ring of fire
 r - a +4 ring of protection
Wands
 c - a wand of paralysis (4)
 q - a wand of flame (57)
 v - a wand of mindburst (11)
 E - a wand of iceblast (18)
 K - a wand of charming (8)
Scrolls
 b - a scroll of magic mapping
 e - a scroll of blinking
 H - 2 scrolls of teleportation
 L - 2 scrolls of identify
Potions
 a - a potion of invisibility
 g - 3 potions of magic
 w - a potion of mutation
 A - a potion of attraction
 F - 2 potions of curing
 N - a potion of brilliance
 O - a potion of cancellation


   Skills:
 + Level 7.2 Short Blades
 + Level 12.4 Dodging
 + Level 9.4 Stealth
 - Level 4.0 Shields
 + Level 8.4 Spellcasting
 + Level 3.2 Evocations


You had 3 spell levels left.
You knew the following spells:

 Your Spells              Type           Power      Damage    Failure   Level
a - Freeze                Ice            100%       1d11      1%          1
b - Frozen Ramparts       Ice            100%       1d12      1%          3
c - Ozocubu's Armour      Ice            61%        N/A       1%          3
d - Hailstorm             Conj/Ice       61%        3d13      1%          4
e - Sting                 Tmut/Pois      100%       1d8       1%          1
f - Poisonous Vapours     Pois/Air       88%        N/A       1%          2
g - Conjure Flame         Conj/Fire      61%        6-21      1%          3
h - Dazzling Flash        Conj/Hex       88%        N/A       1%          3
i - Flame Wave            Conj/Fire      61%        2d12      1%          4
Your spell library was empty.

Dungeon Overview and Level Annotations

Branches:
Dungeon (9/15)             Temple (1/1) D:5            Lair (2/6) D:9
 Spider (0/4) Lair:2
  Swamp: Lair:2-4    Shoals: Lair:2-4       Orc: D:9-12

Altars:
Ashenzari
Cheibriados
Dithmenos
Elyvilon
Fedhas
Gozag
Hepliaklqana
Kikubaaqudgha
Makhleb
Nemelex Xobeh
Okawaru
Qazlal
Ru
Sif Muna
Trog
Uskayaw
Wu Jian
Xom
Yredelemnul
Zin
The Shining One

Shops:
D:2 :   D:8 (

Annotations:
D:3 Grinder
D:5 3 runed translucent doors, exclusion: oklob plant, puppykicker's ghost, amateur DjWz


Innate Abilities, Weirdness & Mutations

You are immune to sickness and miasma.
You are immune to poison.
Your flesh is very heat resistant. (rF++)
You are vulnerable to cold. (rC-)
You float through the air rather than walking.
You learn spells naturally, not from books.
Your magical power is your life essence.
You have superior vitality. (+4 MHP)


Message History

A wave of flame ripples out!
The flame wave engulfs the rime drake.
The rime drake is almost dead.
You finish channelling waves of flame.
You hear an angry hiss.
The rime drake resists.
The wall freezes the rime drake.
The rime drake breathes ice at you. The flash freeze hits you!
You partially resist.
You are encased in ice.
You hit the rime drake.
You kill the rime drake!
Unknown command.
The frozen ramparts melt away as you move.
The ice encasing you melts away.
You now have 1792 gold pieces (gained 33).
A komodo dragon comes into view.
You block the komodo dragon's attack.
You see here 7 gold pieces.
Unknown command.
Casting: Flame Wave (dangerous; 1% risk of failure)
Confirm with . or Enter, or press ? or * to list all spells.
Casting: Flame Wave (dangerous; 1% risk of failure)
Press: ? - help, Dir - look around, f - activate You feel a surge of power!
A wave of flame ripples out!
The flame wave engulfs the komodo dragon!
The komodo dragon is moderately wounded. (Press . to intensify the flame waves.)
The komodo dragon bites you!!
A wave of flame ripples out!
The flame wave engulfs the komodo dragon!
The komodo dragon is heavily wounded.
* * * LOW HITPOINT WARNING * * *
You block the komodo dragon's attack.
Unknown command.
A wave of flame ripples out!
The flame wave engulfs the komodo dragon!
The komodo dragon is almost dead.
* * * LOW HITPOINT WARNING * * *
You finish channelling waves of flame.
The komodo dragon bites you!!
You die...
Your body crumbles into a pile of gold.

... #............
....## ##............
....#.####.............
P.......#.............>
.......................
#...#....P.............
#....#..#..............
.... #..#.##....(......
... #@.####..........
.. #l...# ##P#...... .
#...## #####...# #...#
##P# ##... ## #..##
##.# ###


You could see a komodo dragon.

Vanquished Creatures
  A dire elephant (Lair:1)
  A hydra (Lair:2)
  2 death yaks
  2 two-headed ogres
  Pikel (D:6)
  Joseph (D:7)
  A cane toad (Lair:1)
  Maggie (D:6)
  A rime drake (Lair:2)
  3 komodo dragons
  2 hornets
  Prince Ribbit (D:5)
  5 blink frogs (Lair:2)
  A jumping spider (Lair:2)
  A wyvern (Lair:2)
  Eustachio (D:4)
  16 yaks
  A basilisk (D:8)
  A redback (Lair:2)
  A vampire mosquito (D:8)
  2 steam dragons
  4 water moccasins
  Duvessa (D:7)
  2 ice beasts (D:7)
  3 black bears
  2 orc warriors
  A necrophage (D:6)
  An ogre (D:6)
  4 centaurs
  3 phantoms
  A lemure (D:5)
  3 kobold brigands
  11 bullfrogs
  2 scorpions
  A gnoll sergeant (D:8)
  Dowan (D:7)
  A water moccasin skeleton (D:6)
  4 killer bees (D:9)
  5 wights
  2 electric eels (Lair:1)
  A crimson imp (D:7)
  2 bullfrog zombies
  2 howler monkeys (D:9)
  2 centaur zombies (D:5)
  A hound (D:6)
  A bullfrog skeleton (D:5)
  7 orc priests
  A centaur skeleton (D:7)
  9 hell rats (D:8)
  6 orc wizards
  A scorpion zombie (D:5)
  2 iguanas
  2 hound skeletons (D:4)
  2 howler monkey zombies
  7 gnolls
  13 river rats (D:8)
  5 adders
  A shadow imp (D:6)
  4 white imps (D:7)
  An ufetubus (D:7)
  2 worms (D:4)
  3 dart slugs
  29 orcs
  9 ball pythons
  6 endoplasms
  5 giant cockroaches
  15 goblins
  8 hobgoblins
  2 jackals (D:1)
  3 quokkas
  5 bats
  10 frilled lizards
  17 kobolds
  4 rats
286 creatures vanquished.

Vanquished Creatures (others)
  A quokka (D:9)
  3 bushes
  4 fungi
  45 plants
  13 toadstools (D:5)
66 creatures vanquished.

Grand Total: 352 creatures vanquished

Notes
Turn   | Place    | Note
-------+----------+-------------------------------------------
     0 | D:1      | Zonian the Djinni Ice Elementalist began the quest for the
                  | Orb.
     0 | D:1      | Reached XP level 1. HP: 15/15 MP: 0/0
   143 | D:1      | Reached XP level 2. HP: 18/21 MP: 0/0
   533 | D:1      | Reached XP level 3. HP: 19/25 MP: 0/0
   533 | D:1      | Learned a level 1 spell: Sting
   962 | D:1      | Found a faded altar of an unknown god.
  1675 | D:2      | Reached skill level 3 in Dodging
  1676 | D:2      | Reached XP level 4. HP: 23/31 MP: 0/0
  1840 | D:2      | Found Feariat's Book Emporium.
  1915 | D:2      | Found a shimmering altar of Xom.
  2990 | D:3      | Reached XP level 5. HP: 30/35 MP: 0/0
  2990 | D:3      | Learned a level 2 spell: Poisonous Vapours
  3366 | D:3      | Noticed Grinder
  3376 | D:3      | Paralysed by Grinder for 2 turns
  3381 | D:3      | Paralysed by Grinder for 5 turns
  3716 | D:3      | Noticed a black bear
  3729 | D:3      | Killed a black bear
  3730 | D:3      | Reached skill level 1 in Shields
  3730 | D:3      | Reached XP level 6. HP: 20/40 MP: 0/0
  4395 | D:4      | Noticed Eustachio
  4409 | D:4      | Killed Eustachio
  4410 | D:4      | Reached skill level 4 in Dodging
  5035 | D:4      | Reached XP level 7. HP: 42/45 MP: 0/0
  5035 | D:4      | Learned a level 3 spell: Conjure Flame
  5057 | D:4      | Found a snail-covered altar of Cheibriados.
  5428 | D:4      | Identified the ring "Odunak" {Fly rC+}
  5894 | D:4      | Identified the +4 scale mail of Snakes and Ladders {rN+
                  | rCorr Str-2}
  5935 | D:5      | Entered Level 5 of the Dungeon
  5989 | D:5      | Found a staircase to the Ecumenical Temple.
  6024 | D:5      | Reached skill level 5 in Dodging
  6035 | Temple   | Entered the Ecumenical Temple
  6385 | Temple   | Became a worshipper of Gozag Ym Sagoz the Greedy
  6438 | D:5      | Noticed Prince Ribbit
  6458 | D:5      | Killed Prince Ribbit
  6459 | D:5      | Reached XP level 8. HP: 18/50 MP: 0/0
  6665 | D:5      | Found a shimmering altar of Xom.
  6669 | D:5      | Found a shimmering altar of Xom.
  6702 | D:5      | Noticed a yak
  6703 | D:5      | Noticed a yak
  6911 | D:5      | Found a runed translucent gate.
  6911 | D:5      | Found a runed translucent gate.
  6911 | D:5      | Found a runed translucent gate.
  6911 | D:5      | Noticed puppykicker's ghost (amateur DjWz)
  6913 | D:5      | Found a basalt altar of Yredelemnul.
  7205 | D:5      | Noticed a yak
  7212 | D:5      | Killed a yak
  7212 | D:5      | Noticed a yak
  7213 | D:5      | Reached skill level 5 in Spellcasting
  7218 | D:5      | Killed a yak
  7219 | D:5      | Reached skill level 6 in Dodging
  7221 | D:5      | Killed a yak
  7222 | D:5      | Reached skill level 5 in Stealth
  7222 | D:5      | Killed a yak
  7223 | D:5      | Reached XP level 9. HP: 29/55 MP: 0/0
  7223 | D:5      | Learned a level 3 spell: Dazzling Flash
  7880 | D:5      | Found a blossoming altar of Fedhas.
  7880 | D:5      | Noticed an oklob plant
  8778 | D:6      | Noticed Pikel
  8979 | D:6      | Reached skill level 7 in Dodging
  9191 | D:6      | Reached skill level 1 in Short Blades
  9194 | D:6      | Found a stormy altar of Qazlal.
  9699 | D:6      | Found a broken altar of Ashenzari.
  9705 | D:6      | Found a glowing silver altar of Zin.
  9727 | D:6      | Killed Pikel
  9932 | D:6      | Reached XP level 10. HP: 36/60 MP: 0/0
 10123 | D:6      | Found a hazy altar of Hepliaklqana.
 10192 | D:6      | Noticed Maggie
 10213 | D:6      | Killed Maggie
 10214 | D:6      | Reached skill level 8 in Dodging
 10830 | D:7      | Found Qiweonae's Assorted Antiques.
 12352 | D:7      | Noticed a two-headed ogre
 12371 | D:7      | Killed a two-headed ogre
 13476 | D:7      | Noticed Dowan
 13481 | D:7      | Noticed Joseph
 13481 | D:7      | Noticed Duvessa
 13486 | D:7      | Reached skill level 9 in Dodging
 13734 | D:7      | Killed Duvessa
 13741 | D:7      | Killed Dowan
 14585 | D:7      | Killed Joseph
 14732 | D:7      | Reached XP level 11. HP: 64/65 MP: 0/0
 14732 | D:7      | Learned a level 4 spell: Flame Wave
 14984 | D:7      | Found an iron altar of Okawaru.
 15282 | D:8      | Found the +2 ratskin cloak {*Rats rPois rN+ Str-1 Int-1
                  | Dex+1}
 15286 | D:8      | Reached skill level 5 in Short Blades
 15587 | D:8      | Identified the +1 pair of gloves "Jocvonun" {rC+ Dex+2
                  | Slay+3}
 16294 | D:8      | Found a sacrificial altar of Ru.
 16363 | D:8      | Found Iczoisat's Weapon Boutique.
 16372 | D:8      | Bought a +2 rapier of flaming for 249 gold pieces
 17398 | D:9      | Found a white marble altar of Elyvilon.
 17567 | D:9      | Noticed a death yak
 17567 | D:9      | Noticed a death yak
 17589 | D:9      | Noticed a two-headed ogre
 17884 | D:9      | Reached skill level 10 in Dodging
 18071 | D:9      | Noticed a death yak
 18072 | D:9      | Noticed a death yak
 18425 | D:9      | Noticed a death yak
 18494 | D:8      | Killed a death yak
 18871 | D:9      | Found a staircase to the Lair.
 18889 | D:9      | Killed a two-headed ogre
 19051 | D:9      | Killed a death yak
 19233 | D:9      | Noticed a death yak
 19233 | D:9      | Noticed a death yak
 20046 | Lair:1   | Entered Level 1 of the Lair of Beasts
 20158 | Lair:1   | You are sucked into a shaft and drop 1 floor!
 20171 | Lair:2   | Reached skill level 11 in Dodging
 20195 | Lair:2   | Reached XP level 12. HP: 59/70 MP: 0/0
 20450 | Lair:2   | Identified the +0 leather armour "Siru" {Dex+5}
 20804 | Lair:1   | Noticed a dire elephant
 21366 | Lair:1   | Killed a dire elephant
 21367 | Lair:1   | Reached skill level 1 in Evocations
 21895 | Lair:1   | Reached skill level 12 in Dodging
 22158 | Lair:2   | Noticed a six-headed hydra
 22170 | Lair:2   | Killed a six-headed hydra
 22239 | Lair:2   | Found a hole to the Spider Nest.
 22383 | Lair:2   | Noticed an eight-headed hydra
 22431 | Lair:2   | Found an ornate altar of the Wu Jian Council.
 22484 | Lair:2   | Slain by a komodo dragon

Illustrated notes

Levels and vault maps discovered:
D:1:      lemuel_arrival_lava_pool, layout_basic,
          shapermc_ecumenical_altar_mp_ritualfount
D:2:      layout_basic, basic_altar, serial_shops, shop, serial_glass,
          glass_columns_a, glass_columns_a, st_stairs_4
D:3:      layout_loops_ring, chequers_mini_garden, uniq_grinder
D:4:      minmay_chambers_of_threes, layout_gridville, general_overflow_altar,
          uniq_eustachio
D:5:      layout_rooms, tgw_fedhas, xom_redecorated,
          nicolae_yredelemnul_ghost_church, minmay_temple_entry_grid,
          kb_lookout_dungeons_type, amcnicky_mini_corridor_feature,
          lemuel_flamethrower_1, uniq_prince_ribbit1
D:6:      layout_cave_pools, nicolae_qazlal_scattered_showers,
          grunt_temple_overflow_open, uniq_maggie, uniq_pikel
D:7:      minmay_polygon_palace, layout_loops_corners,
          okawaru_altar_gauntlet_db, serial_shops, nicolae_shop_waterfront,
          minmay_misc_feat_nine_boxes, minmay_fire_ice_demons, uniq_joseph,
          uniq_duvessa
D:8:      wander_guarded_unrand_ratskin, layout_rooms,
          mainiacjoe_overflow_brackets, serial_shops, nicolae_lakefront_shop,
          minmay_manual_monstrance
D:9:      layout_grid_maze, elyvilon_altar_4, dpeg_lair_monsters
Temple:   jpeg_temple_alley_garden
Lair:1:   layout_long_grid, nicolae_lair_grazing_beasts
          [nicolae_sub_lair_graze_edge, nicolae_sub_lair_graze_edge,
          nicolae_sub_lair_graze_edge, nicolae_sub_lair_graze_edge]
Lair:2:   layout_cave_pods, spider_nest_entry_a, basic_altar

Skill      XL: |  1  2  3  4  5  6  7  8  9 10 11 12 |
---------------+-------------------------------------+-----
Stealth        | 2 3 4 5 6 7 8 9 |  9.4
Dodging        | 3 4 5 6 7 9 11 12 | 12.4
Shields        | 1 2 3 4 |  4.0
Spellcasting   | 4 5 6 7 8 |  8.4
Short Blades   | 2 4 6 7 |  7.2
Evocations     | 3 |  3.2

Action                   |  1- 3 |  4- 6 |  7- 9 | 10-12 || total
-------------------------+-------+-------+-------+-------++-------
Melee: Unarmed           |     4 |       |       |       ||     4
       Dagger            |     9 |    62 |   189 |   243 ||   503
       Punch             |       |     1 |     8 |       ||     9
       Short sword       |       |       |   114 |   112 ||   226
       Staff             |       |       |       |     2 ||     2
 Cast: Freeze            |    42 |    32 |     3 |     1 ||    78
       Poisonous Vapours |       |    43 |    52 |   194 ||   289
       Sting             |       |     1 |       |       ||     1
       Conjure Flame     |       |       |     3 |     5 ||     8
       Frozen Ramparts   |       |       |     9 |    27 ||    36
       Ozocubu's Armour  |       |       |     4 |    13 ||    17
       Hailstorm         |       |       |       |    20 ||    20
       Dazzling Flash    |       |       |       |     3 ||     3
       Flame Wave        |       |       |       |    11 ||    11
Invok: Potion Petition   |       |       |       |     2 ||     2
Evoke: Wand              |       |       |     1 |    33 ||    34
  Use: Scroll            |       |     9 |     4 |    14 ||    27
       Potion            |       |     1 |     3 |     6 ||    10
 Stab: Sleeping          |       |     3 |     6 |    12 ||    21
       Distracted        |       |       |       |     2 ||     2
       Invisible         |       |       |       |     1 ||     1
Armor: Robe              |     3 |    20 |   125 |       ||   148
       Skin              |       |       |     1 |       ||     1
       Steam dragon scal |       |       |       |    84 ||    84
Dodge: Dodged            |    21 |    63 |   224 |   247 ||   555
Block: Buckler           |       |       |       |    71 ||    71

Table legend: (Time is in decaauts)
 A = Elapsed time spent in this place.
 B = Non-inter-level travel time spent in this place.
 C = Inter-level travel time spent in this place.
 D = Time resting spent in this place.
 E = Time spent auto-exploring this place.
 F = Levels seen in this place.
 G = Mean time per level.
                   A        B        C        D        E       F      G
               +--------+--------+--------+--------+--------+-----+--------+
         Total |  22433 |  22133 |    300 |  10807 |   5932 |  12 | 1869.4 |
       Dungeon |  19634 |  19406 |    228 |   9666 |   5242 |   9 | 2181.6 |
        Temple |    391 |    350 |     41 |     98 |    160 |   1 |  391.0 |
          Lair |   2407 |   2377 |     30 |   1043 |    530 |   2 | 1203.5 |
               +--------+--------+--------+--------+--------+-----+--------+

Top non-repeatable levels by time:
     D:7: 4571 daAuts
     D:8: 2593 daAuts
     D:5: 2571 daAuts
     D:9: 2310 daAuts
     D:1: 1649 daAuts
     D:6: 1635 daAuts
  Lair:1: 1603 daAuts
     D:4: 1567 daAuts
     D:3: 1531 daAuts
     D:2: 1203 daAuts
  Lair:2: 803 daAuts
  Temple: 391 daAuts
